[ PARTIDA AOE2 · #504619214 ]
UnrankedDrávidas vs Mongols
Equipo del jugador · DERR
Equipo rival · VICT
[ ANÁLISIS DE REPETICIÓN · EXTRAÍDO DE LA PARTIDA GRABADA ]
Feudal
9:27
Castillos
—
Imperial
—
| APM promedio | 57.0 |
| APM pico | 97 |
| eAPM promedio | 23.3 |
| Aldeanos / militares | 38 / 14 |
Foco
⚔️ 40.5% · 🌾 59.5%
Skirmisher ×10 · Militia ×4
Feudal
9:07
Castillos
—
Imperial
—
| APM promedio | 55.2 |
| APM pico | 116 |
| eAPM promedio | 16.4 |
| Aldeanos / militares | 38 / 15 |
Foco
⚔️ 36.6% · 🌾 63.4%
Archer ×7 · Militia ×5 · Skirmisher ×3
Mapa de la partida
Recursos iniciales + cada clic de construcción. Líneas = muros · curvas = relieve. ◆ oro · ⬟ piedra · ● bayas · ✦ reliquia · ◌ hueco del cierre
Tu base· Abierta — flanco sin cerrar
Base de DS_Rene Lavand· Abierta — flanco sin cerrar
Terreno inicial suavizado · ◌ = hueco del cierre detectado · pasá el cursor para detalles
Inputs por minuto
— ElSapoGustavo - - DS_Rene Lavand
Build order — ElSapoGustavo
90 acciones detectadas en el replay
| 0:01 | Encolar | Villager (Male) |
| 0:02 | Construir | House |
| 0:03 | Construir | House |
| 0:05 | Encolar | Villager (Male) |
| 0:14 | Encolar | Villager (Male) |
| 0:23 | Encolar | Villager (Male) |
| 1:24 | Encolar | Villager (Male) |
| 2:00 | Encolar | Villager (Male) |
| 2:04 | Encolar | Villager (Male) |
| 2:13 | Construir | Lumber Camp |
| 2:52 | Encolar | Villager (Male) |
| 3:07 | Encolar | Villager (Male) |
| 3:15 | Encolar | Villager (Male) |
| 3:39 | Encolar | Villager (Male) |
| 3:55 | Construir | House |
| 4:33 | Encolar | Villager (Male) |
| 4:46 | Encolar | Villager (Male) |
| 5:20 | Encolar | Villager (Male) |
| 5:23 | Construir | Barracks |
| 5:41 | Encolar | Villager (Male) |
| 5:57 | Construir | House |
| 6:02 | Encolar | Villager (Male) |
| 6:24 | Investigar | Loom |
| 7:17 | Investigar | Feudal Age |
| 7:17 | Investigar | Feudal Age |
| 7:58 | Encolar | Militia |
| 7:59 | Encolar | Militia |
| 7:59 | Encolar | Militia |
| 8:02 | Construir | Mining Camp |
| 8:17 | Construir | Palisade Wall |
| 8:18 | Construir | Palisade Wall |
| 8:19 | Construir | Palisade Wall |
| 8:20 | Construir | Palisade Wall |
| 8:21 | Construir | Palisade Wall |
| 8:49 | Construir | Palisade Wall |
| 8:57 | Encolar | Militia |
| 9:06 | Construir | Palisade Wall |
| 9:11 | Construir | Palisade Wall |
| 9:12 | Construir | Palisade Wall |
| 9:27 | Edad | Edad Feudal |
| 9:34 | Construir | Mill |
| 9:42 | Encolar | Villager (Male) |
| 9:45 | Construir | Archery Range |
| 9:45 | Encolar | Villager (Male) |
| 9:48 | Encolar | Villager (Male) |
| 9:50 | Construir | House |
| 9:56 | Investigar | Man-at-Arms (upgrade) |
| 10:03 | Encolar | Villager (Male) |
| 10:10 | Encolar | Villager (Male) |
| 10:37 | Construir | House |
| 10:47 | Construir | House |
| 10:56 | Encolar | Skirmisher |
| 11:08 | Construir | Farm |
| 11:17 | Encolar | Skirmisher |
| 11:31 | Encolar | Skirmisher |
| 11:31 | Encolar | Skirmisher |
| 11:35 | Construir | Farm |
| 11:48 | Encolar | Villager (Male) |
| 11:56 | Construir | House |
| 12:29 | Encolar | Villager (Male) |
| 12:34 | Encolar | Skirmisher |
| 12:35 | Encolar | Villager (Male) |
| 12:55 | Encolar | Villager (Male) |
| 13:05 | Encolar | Villager (Male) |
| 13:29 | Construir | House |
| 13:30 | Construir | House |
| 13:35 | Encolar | Skirmisher |
| 13:36 | Encolar | Skirmisher |
| 13:36 | Encolar | Villager (Male) |
| 13:40 | Construir | Farm |
| 13:41 | Construir | Farm |
| 14:12 | Encolar | Villager (Male) |
| 14:30 | Encolar | Villager (Male) |
| 14:33 | Encolar | Skirmisher |
| 15:10 | Encolar | Villager (Male) |
| 15:21 | Construir | Watch Tower |
| 15:24 | Encolar | Villager (Male) |
| 15:24 | Encolar | Villager (Male) |
| 15:50 | Encolar | Villager (Male) |
| 15:57 | Encolar | Skirmisher |
| 15:57 | Encolar | Skirmisher |
| 16:41 | Encolar | Villager (Male) |
| 17:03 | Encolar | Villager (Male) |
| 17:19 | Encolar | Villager (Male) |
| 17:30 | Construir | Farm |
| 17:52 | Encolar | Villager (Male) |
| 18:03 | Construir | Lumber Camp |
| 18:20 | Construir | Farm |
| 18:22 | Construir | Farm |
| 18:36 | Encolar | Villager (Male) |
Build order — DS_Rene Lavand
94 acciones detectadas en el replay
| 0:02 | Encolar | Villager (Male) |
| 0:02 | Encolar | Villager (Male) |
| 0:02 | Encolar | Villager (Male) |
| 0:02 | Encolar | Villager (Male) |
| 0:02 | Encolar | Villager (Male) |
| 0:04 | Construir | House |
| 0:06 | Construir | House |
| 1:28 | Encolar | Villager (Male) |
| 1:55 | Encolar | Villager (Male) |
| 2:29 | Encolar | Villager (Male) |
| 2:57 | Encolar | Villager (Male) |
| 2:57 | Encolar | Villager (Male) |
| 3:12 | Construir | Lumber Camp |
| 3:17 | Encolar | Villager (Male) |
| 3:36 | Construir | House |
| 3:42 | Encolar | Villager (Male) |
| 3:43 | Encolar | Villager (Male) |
| 4:26 | Encolar | Villager (Male) |
| 4:26 | Encolar | Villager (Male) |
| 4:26 | Encolar | Villager (Male) |
| 5:06 | Encolar | Villager (Male) |
| 5:56 | Investigar | Loom |
| 6:14 | Construir | Barracks |
| 6:57 | Investigar | Feudal Age |
| 7:09 | Encolar | Militia |
| 7:09 | Encolar | Militia |
| 7:38 | Construir | House |
| 7:50 | Encolar | Militia |
| 7:50 | Encolar | Militia |
| 7:54 | Encolar | Militia |
| 8:31 | Construir | Mining Camp |
| 9:07 | Edad | Edad Feudal |
| 9:18 | Construir | Archery Range |
| 9:23 | Investigar | Man-at-Arms (upgrade) |
| 9:24 | Encolar | Villager (Male) |
| 9:24 | Encolar | Villager (Male) |
| 9:25 | Encolar | Villager (Male) |
| 9:25 | Encolar | Villager (Male) |
| 9:30 | Construir | House |
| 9:47 | Encolar | Villager (Male) |
| 10:00 | Encolar | Archer |
| 10:01 | Encolar | Archer |
| 10:06 | Construir | Watch Tower |
| 10:18 | Encolar | Villager (Male) |
| 10:51 | Encolar | Archer |
| 10:51 | Encolar | Archer |
| 11:00 | Encolar | Villager (Male) |
| 11:05 | Encolar | Skirmisher |
| 11:05 | Encolar | Skirmisher |
| 11:39 | Construir | Mining Camp |
| 11:41 | Encolar | Villager (Male) |
| 11:44 | Construir | Palisade Wall |
| 11:45 | Construir | Palisade Wall |
| 11:45 | Construir | Palisade Wall |
| 11:45 | Construir | Palisade Wall |
| 11:46 | Construir | Palisade Wall |
| 11:46 | Construir | Palisade Wall |
| 11:46 | Construir | Palisade Wall |
| 11:47 | Construir | Palisade Wall |
| 11:47 | Construir | Palisade Wall |
| 11:47 | Construir | Palisade Wall |
| 11:49 | Construir | Palisade Wall |
| 11:53 | Encolar | Skirmisher |
| 11:58 | Encolar | Archer |
| 12:05 | Construir | House |
| 12:16 | Construir | House |
| 12:25 | Encolar | Villager (Male) |
| 12:25 | Encolar | Villager (Male) |
| 12:30 | Construir | Palisade Wall |
| 13:05 | Construir | Mill |
| 13:26 | Encolar | Villager (Male) |
| 13:26 | Encolar | Villager (Male) |
| 13:26 | Encolar | Villager (Male) |
| 14:00 | Encolar | Villager (Male) |
| 14:00 | Encolar | Villager (Male) |
| 14:00 | Encolar | Villager (Male) |
| 14:19 | Encolar | Archer |
| 14:20 | Encolar | Archer |
| 14:56 | Construir | Watch Tower |
| 15:02 | Encolar | Villager (Male) |
| 15:54 | Construir | Blacksmith |
| 16:11 | Construir | Farm |
| 16:11 | Construir | Farm |
| 16:12 | Construir | Farm |
| 16:12 | Construir | Farm |
| 16:24 | Construir | Watch Tower |
| 16:58 | Construir | Palisade Wall |
| 16:59 | Construir | House |
| 17:23 | Encolar | Villager (Male) |
| 17:29 | Construir | House |
| 18:19 | Encolar | Villager (Male) |
| 18:19 | Encolar | Villager (Male) |
| 18:19 | Encolar | Villager (Male) |
| 18:33 | Construir | Watch Tower |
Cronología de la partida
| 5:23 | ElSapoGustavo · first_building Barracks |
| 6:14 | DS_Rene Lavand · first_building Barracks |
| 8:17 | ElSapoGustavo · wall_segment Palisade Wall x1 |
| 8:18 | ElSapoGustavo · wall_segment Palisade Wall x1 |
| 8:19 | ElSapoGustavo · wall_segment Palisade Wall x1 |
| 8:20 | ElSapoGustavo · wall_segment Palisade Wall x1 |
| 8:21 | ElSapoGustavo · wall_segment Palisade Wall x2 |
| 8:49 | ElSapoGustavo · wall_segment Palisade Wall x14 |
| 9:06 | ElSapoGustavo · wall_segment Palisade Wall x1 |
| 9:07 | DS_Rene Lavand · age_up feudal |
| 9:11 | ElSapoGustavo · wall_segment Palisade Wall x1 |
| 9:12 | ElSapoGustavo · wall_segment Palisade Wall x1 |
| 9:18 | DS_Rene Lavand · first_building Archery Range |
| 9:27 | ElSapoGustavo · age_up feudal |
| 9:45 | ElSapoGustavo · first_building Archery Range |
| 11:44 | DS_Rene Lavand · wall_segment Palisade Wall x1 |
| 11:45 | DS_Rene Lavand · wall_segment Palisade Wall x2 |
| 11:45 | DS_Rene Lavand · wall_segment Palisade Wall x1 |
| 11:45 | DS_Rene Lavand · wall_segment Palisade Wall x1 |
| 11:46 | DS_Rene Lavand · wall_segment Palisade Wall x1 |
| 11:46 | DS_Rene Lavand · wall_segment Palisade Wall x1 |
| 11:46 | DS_Rene Lavand · wall_segment Palisade Wall x2 |
| 11:47 | DS_Rene Lavand · wall_segment Palisade Wall x1 |
| 11:47 | DS_Rene Lavand · wall_segment Palisade Wall x1 |
| 11:47 | DS_Rene Lavand · wall_segment Palisade Wall x1 |
| 11:49 | DS_Rene Lavand · wall_segment Palisade Wall x1 |
| 12:30 | DS_Rene Lavand · wall_segment Palisade Wall x1 |
| 16:58 | DS_Rene Lavand · wall_segment Palisade Wall x1 |
| 19:04 | ElSapoGustavo · resign |
[ ANÁLISIS IA · 1 CRÉDITO ]
¿Qué pasó realmente en esta partida?
Wolo.gg analiza cada decisión: build order, eco, micro, errores típicos por bracket. Análisis personalizado por WhatsApp o Discord en 30 segundos.
Guía civ
Drávidas
Perfil
Jugador #15480491